 Dungeon Crawl Stone Soup version 0.30-a0-782-ge64f9170bb (webtiles) character file.

Game seed: 9658893427118840762

767 senseless the Firebug (level 7, -1/51 HPs)
             Began as a Demigod Fire Elementalist on Mar 3, 2023.
             Slain by a killer bee (6 damage)
             ... on level 5 of the Dungeon.
             The game lasted 00:15:55 (4895 turns).

senseless the Firebug (Demigod Fire Elementalist)   Turns: 4895, Time: 00:15:55

Health: -1/51      AC: 13    Str:  9    XL:     7   Next: 27%
Magic:  0/16       EV: 12    Int: 25    God:
Gold:   219        SH:  0    Dex: 14    Spells: 7/14 levels left

rFire   . . .      SeeInvis .    g - +2 mace (protect)
rCold   . . .      Faith    .    (no shield)
rNeg    . . .      Spirit   .    i - +0 troll leather armour
rPois   .          Reflect  .    h - +0 helmet
rElec   .          Harm     .    s - +0 cloak
rCorr   +          Rampage  .    (no gloves)
Will    .....                    (no boots)
Stlth   ++                       r - amulet of regeneration
HPRegen 1.88/turn                l - ring of resist corrosion
MPRegen 0.15/turn                (no ring)

@: lethally poisoned (-1 -> -2), under a protective aura
A: high MP 1, forlorn, divine attributes
a: no special abilities


You were on level 5 of the Dungeon.
You visited 1 branch of the dungeon, and saw 5 of its levels.

You collected 219 gold pieces.

Inventory:

Hand Weapons
 g - a +2 mace of protection (weapon)
 p - a +2 vampiric scythe
Missiles
 u - a throwing net
Armour
 a - a +0 robe
 h - a +0 helmet (worn)
 i - a +0 troll leather armour (worn)
 s - a +0 cloak (worn)
Magical Staves
 q - a staff of fire
Jewellery
 l - a ring of resist corrosion (left hand)
 r - an amulet of regeneration (around neck)
Wands
 o - a wand of iceblast (12)
Potions
 b - a potion of magic
 c - a potion of lignification
 j - a potion of might {unknown}
 k - 2 potions of brilliance {unknown}
 m - a potion of resistance {unknown}
 t - 3 potions of degeneration {unknown}


   Skills:
 + Level 0.4 Fighting
 + Level 0.4 Maces & Flails
 + Level 2.2 Armour
 + Level 2.2 Dodging
 + Level 2.4 Stealth
 + Level 4.2 Spellcasting
 + Level 2.7 Conjurations
 + Level 5.1 Fire Magic


You had 7 spell levels left.
You knew the following spells:

 Your Spells              Type           Power      Damage    Failure   Level
a - Foxfire               Conj/Fire      100%       2x1d9     2%          1
b - Scorch                Fire           62%        2d8       2%          2
c - Flame Wave            Conj/Fire      25%        2d8       24%         4

Your spell library contained the following spells:

 Spells                   Type           Power      Damage    Failure   Level
 Inner Flame              Hex/Fire       18%        N/A       13%         3
 Kindle Blastsparks       Fire/Tloc/Air  26%        2d12      19%         3
 Dazzling Flash           Conj/Hex       24%        N/A       21%         3
 Summon Guardian Golem    Hex/Summ       5%         N/A       36%         3
 Agony                    Necr           5%         N/A       98%         5
 Silence                  Hex/Air        2%         N/A       98%         5
 Orb of Destruction       Conj           9%         9d6       100%        7
 Spellforged Servitor     Conj/Summ      6%         N/A       100%        7


Dungeon Overview and Level Annotations

Branches:
Dungeon (5/15)             Temple (0/1) D:4

Shops:
D:2 :   D:4 ([


Innate Abilities, Weirdness & Mutations

You have an increased reservoir of magic. (+10% MP)
You shall have no god before yourself.
Your divine heritage dramatically boosts your attributes as you level up.


Message History

You sock the killer bee!
The killer bee is heavily wounded.
You feel very sick.
The killer bee stings you but does no damage. x3
You closely miss the killer bee.
The killer bee is heavily wounded.
You feel very sick. The killer bee misses you.
The killer bee barely misses you.
You miss the killer bee.
The killer bee is heavily wounded.
You feel sick. The killer bee barely misses you. The killer bee stings you.
* * * LOW HITPOINT WARNING * * *
The killer bee barely misses you.
You feel better.
The killer bee is no longer more vulnerable to fire.
The killer bee stings you but does no damage.
The killer bee stings you.
* * * LOW HITPOINT WARNING * * *
You barely miss the killer bee.
The killer bee is heavily wounded.
The killer bee barely misses you. x2; The killer bee stings you.
* * * LOW HITPOINT WARNING * * *
You feel better. The killer bee misses you. The killer bee stings you.
* * * LOW HITPOINT WARNING * * *
Casting: Scorch (safe; 2% risk of failure)
Confirm with . or Enter, or press ? or * to list all spells.
Flames lash the killer bee.
You kill the killer bee!
The killer bee closely misses you. The killer bee stings you.
* * * LOW HITPOINT WARNING * * *
You are poisoned.
The killer bee poisons you!
You hit the killer bee.
Your weapon exudes an aura of protection.
The killer bee is severely wounded.
You feel sick. The killer bee stings you.
* * * LOW HITPOINT WARNING * * *
The killer bee stings you but does no damage.
The killer bee stings you.
You die...

....#...#.........
#..#............
#....#........#
##...#.........
##..#.........
##.#.......... #
##.†##.........
#...#...###........
#.......y@##......
.....#..†### ....
...#.##..# ### .. .
##.# # . ##. #. y
.. ..


You could see a killer bee.

Vanquished Creatures
  Sigmund (D:2)
  3 scorpions
  3 killer bees (D:5)
  2 hounds (D:4)
  2 iguanas
  Natasha (twice) (D:4)
  4 gnolls
  2 adders
  A white imp (D:5)
  An ufetubus (D:5)
  4 orcs
  9 endoplasms
  2 giant cockroaches
  9 goblins
  8 hobgoblins
  3 jackals
  6 kobolds
  2 quokkas
  5 ball pythons (D:1)
  4 bats
  3 frilled lizards
  A goblin zombie (D:5)
  3 rats
80 creatures vanquished.

Vanquished Creatures (others)
  148 foxfires
  2 fungi (D:5)
150 creatures vanquished.

Grand Total: 230 creatures vanquished

Notes
Turn   | Place    | Note
-------+----------+-------------------------------------------
     0 | D:1      | senseless the Demigod Fire Elementalist began the quest for
                  | the Orb.
     0 | D:1      | Reached XP level 1. HP: 14/14 MP: 5/5
   297 | D:1      | Reached skill level 1 in Conjurations
   383 | D:1      | Reached XP level 2. HP: 20/20 MP: 0/7
  1144 | D:1      | Reached skill level 3 in Fire Magic
  1975 | D:2      | Reached XP level 3. HP: 26/26 MP: 6/9
  2047 | D:2      | Noticed Sigmund
  2052 | D:2      | Killed Sigmund
  2053 | D:2      | Reached XP level 4. HP: 31/33 MP: 4/11
  2053 | D:2      | Reached XP level 5. HP: 36/38 MP: 4/12
  2274 | D:2      | Found Peopsoor's Book Emporium.
  2494 | D:3      | Learned a level 2 spell: Scorch
  3043 | D:3      | Reached skill level 4 in Fire Magic
  3444 | D:4      | Learned a level 4 spell: Flame Wave
  3468 | D:4      | Found a staircase to the Ecumenical Temple.
  3486 | D:4      | Reached skill level 1 in Armour
  3542 | D:4      | Found Siegfried's Dragon-Slaying Spoils.
  3628 | D:4      | Reached XP level 6. HP: 45/45 MP: 6/14
  3723 | D:4      | Noticed Natasha
  3729 | D:4      | Killed Natasha
  4077 | D:4      | Found Etukones's Weapon Emporium.
  4276 | D:4      | Noticed Natasha
  4283 | D:4      | Killed Natasha
  4560 | D:5      | Entered Level 5 of the Dungeon
  4859 | D:5      | Reached XP level 7. HP: 50/50 MP: 10/16
  4863 | D:5      | Reached skill level 5 in Fire Magic
  4895 | D:5      | Slain by a killer bee

Illustrated notes

Levels and vault maps discovered:
D:1:      roderic_octagonal_star, layout_basic,
          dreamdust_ecumenical_altar_sealed_demon, hangedman_glass_teeth
D:2:      layout_rooms, basic_altar, serial_curves, eino_curves_02,
          eino_curves_04, serial_shops, shop_fountains, minmay_misc_feat_room,
          uniq_sigmund
D:3:      layout_loops_cross
D:4:      layout_basic, fedhas_altar_3, minmay_temple_entry_nine_rooms,
          serial_shops, nicolae_shop_bloodbath_and_beyond,
          nicolae_shop_dragon_depot, uniq_natasha
D:5:      layout_cave_pools, mainiacjoe_overflow_boulevard, minitemple,
          nicolae_ossuary_entry_giza, biasface_ghost_orc_armoury,
          kennysheep_dice

Skill      XL: |  1  2  3  4  5  6  7 |
---------------+----------------------+-----
Spellcasting   | 2 3 4 |  4.2
Conjurations   | 1 2 |  2.7
Fire Magic     | 3 4 5 |  5.1
Stealth        | 2 |  2.4
Armour         | 1 2 |  2.2
Dodging        | 2 |  2.2
Fighting       | |  0.4
Maces & Flails | |  0.4

Action                     |  1- 3 |  4- 6 |  7- 9 || total
---------------------------+-------+-------+-------++-------
  Melee: Unarmed           |     3 |       |       ||     3
         Mace              |     2 |     5 |    12 ||    19
         Staff             |       |     3 |    10 ||    13
         Punch             |       |       |     1 ||     1
   Cast: Foxfire           |    82 |    10 |       ||    92
         Scorch            |       |    58 |     8 ||    66
    Use: Scroll            |       |    11 |       ||    11
         Potion            |       |       |     4 ||     4
   Stab: Sleeping          |       |     1 |       ||     1
 Armour: Robe              |     1 |       |       ||     1
         Troll leather arm |       |    14 |    11 ||    25
  Dodge: Dodged            |     5 |    31 |    40 ||    76

Table legend: (Time is in decaauts)
 A = Elapsed time spent in this place.
 B = Non-inter-level travel time spent in this place.
 C = Inter-level travel time spent in this place.
 D = Time resting spent in this place.
 E = Time spent auto-exploring this place.
 F = Levels seen in this place.
 G = Mean time per level.
                   A        B        C        D        E       F      G
               +--------+--------+--------+--------+--------+-----+--------+
         Total |   4907 |   4564 |    343 |    141 |   3825 |   5 |  981.4 |
       Dungeon |   4907 |   4564 |    343 |    141 |   3825 |   5 |  981.4 |
               +--------+--------+--------+--------+--------+-----+--------+

Top non-repeatable levels by time:
     D:1: 1669 daAuts
     D:4: 1354 daAuts
     D:3: 956 daAuts
     D:2: 770 daAuts
     D:5: 155 daAuts
